[ PARTIDA AOE2 · #505751783 ]
UnrankedYurchen vs Saracens
Equipo del jugador · VICT
Equipo rival · DERR
[ ANÁLISIS DE REPETICIÓN · EXTRAÍDO DE LA PARTIDA GRABADA ]
Feudal
8:27
Castillos
18:54
Imperial
40:38
| APM promedio | 51.6 |
| APM pico | 95 |
| eAPM promedio | 23.2 |
| Aldeanos / militares | 144 / 232 |
Foco
⚔️ 39.1% · 🌾 60.9%
Skirmisher ×131 · Cavalry Archer ×73 · Iron Pagoda ×13 · Trebuchet (Packed) ×6 · Scout Cavalry ×4 · Monk ×3
Feudal
10:46
Castillos
19:21
Imperial
39:17
| APM promedio | 91.9 |
| APM pico | 148 |
| eAPM promedio | 39.5 |
| Aldeanos / militares | 188 / 223 |
Foco
⚔️ 44.1% · 🌾 55.9%
Archer ×118 · Knight ×43 · Skirmisher ×42 · Bombard Cannon ×9 · Mangonel ×8 · Militia ×2
Mapa de la partida
Recursos iniciales + cada clic de construcción. Líneas = muros · curvas = relieve. ◆ oro · ⬟ piedra · ● bayas · ✦ reliquia · ◌ hueco del cierre
Tu base· ✓ Cerrada en 18:54 · 25t muro · 1 puerta(s)
Base de MegaFish· ✓ Cerrada en 19:21 · 50t muro · 1 puerta(s)
Terreno inicial suavizado · ◌ = hueco del cierre detectado · pasá el cursor para detalles
Inputs por minuto
— _DaViCy_ - - MegaFish
Build order — _DaViCy_
Primeras 150 de 556 acciones detectadas
| 0:00 | Crear | Villager (Male) |
| 0:01 | Construir | House |
| 0:04 | Construir | House |
| 0:05 | Crear | Villager (Male) |
| 0:16 | Crear | Villager (Male) |
| 0:20 | Crear | Villager (Male) |
| 0:20 | Crear | Villager (Male) |
| 1:22 | Crear | Villager (Male) |
| 1:23 | Crear | Villager (Male) |
| 1:39 | Crear | Villager (Male) |
| 1:47 | Construir | Lumber Camp |
| 2:11 | Crear | Villager (Male) |
| 2:11 | Crear | Villager (Male) |
| 2:28 | Crear | Villager (Male) |
| 2:28 | Crear | Villager (Male) |
| 3:10 | Crear | Villager (Male) |
| 3:36 | Crear | Villager (Male) |
| 3:36 | Crear | Villager (Male) |
| 3:51 | Construir | House |
| 3:55 | Crear | Villager (Male) |
| 4:24 | Crear | Villager (Male) |
| 4:48 | Construir | Mill |
| 4:50 | Crear | Villager (Male) |
| 5:19 | Crear | Villager (Male) |
| 5:31 | Investigar | Loom |
| 6:17 | Investigar | Feudal Age |
| 6:17 | Investigar | Feudal Age |
| 7:00 | Crear | Villager (Male) |
| 7:02 | Construir | House |
| 7:43 | Construir | Barracks |
| 7:57 | Construir | Palisade Wall |
| 8:03 | Construir | Palisade Wall |
| 8:05 | Construir | Palisade Wall |
| 8:08 | Construir | Palisade Wall |
| 8:10 | Construir | Palisade Wall |
| 8:16 | Crear | Villager (Male) |
| 8:27 | Edad | Edad Feudal |
| 8:48 | Construir | Stable |
| 9:01 | Investigar | Double-Bit Axe |
| 9:05 | Crear | Villager (Male) |
| 9:29 | Construir | House |
| 9:33 | Crear | Villager (Male) |
| 9:39 | Crear | Scout Cavalry |
| 9:40 | Crear | Scout Cavalry |
| 9:40 | Crear | Scout Cavalry |
| 9:45 | Construir | Farm |
| 9:59 | Construir | Farm |
| 10:00 | Crear | Villager (Male) |
| 10:09 | Construir | Farm |
| 10:14 | Construir | House |
| 10:20 | Crear | Scout Cavalry |
| 10:25 | Crear | Villager (Male) |
| 10:25 | Crear | Villager (Male) |
| 10:38 | Construir | Farm |
| 10:40 | Construir | Farm |
| 10:54 | Construir | Farm |
| 10:59 | Construir | House |
| 10:59 | Crear | Villager (Male) |
| 11:05 | Construir | House |
| 11:25 | Crear | Villager (Male) |
| 11:27 | Construir | Farm |
| 11:35 | Crear | Villager (Male) |
| 11:56 | Construir | Archery Range |
| 12:02 | Crear | Villager (Male) |
| 12:04 | Construir | House |
| 12:21 | Construir | Farm |
| 12:22 | Construir | Farm |
| 12:26 | Crear | Villager (Male) |
| 12:31 | Construir | House |
| 12:37 | Construir | Palisade Wall |
| 12:40 | Construir | Palisade Wall |
| 12:44 | Construir | Farm |
| 12:45 | Crear | Villager (Male) |
| 12:59 | Construir | Palisade Wall |
| 13:08 | Crear | Villager (Male) |
| 13:21 | Construir | Farm |
| 13:23 | Construir | Farm |
| 13:40 | Crear | Villager (Male) |
| 13:48 | Construir | Mining Camp |
| 13:55 | Construir | House |
| 14:02 | Construir | Palisade Wall |
| 14:02 | Construir | Palisade Wall |
| 14:05 | Construir | Palisade Wall |
| 14:09 | Crear | Villager (Male) |
| 14:34 | Crear | Villager (Male) |
| 14:35 | Construir | Blacksmith |
| 15:11 | Construir | Lumber Camp |
| 15:12 | Crear | Villager (Male) |
| 15:28 | Crear | Villager (Male) |
| 16:14 | Investigar | Castle Age |
| 16:14 | Investigar | Castle Age |
| 16:23 | Crear | Skirmisher |
| 16:29 | Construir | Archery Range |
| 16:41 | Construir | Farm |
| 16:53 | Investigar | Horse Collar |
| 16:56 | Crear | Skirmisher |
| 17:12 | Investigar | Fletching |
| 17:14 | Crear | Skirmisher |
| 17:25 | Crear | Skirmisher |
| 17:30 | Construir | Farm |
| 17:36 | Crear | Skirmisher |
| 17:41 | Investigar | Padded Archer Armor |
| 17:41 | Investigar | Padded Archer Armor |
| 18:00 | Construir | Palisade Gate |
| 18:05 | Crear | Skirmisher |
| 18:11 | Investigar | Gold Mining |
| 18:26 | Crear | Skirmisher |
| 18:32 | Crear | Skirmisher |
| 18:33 | Crear | Skirmisher |
| 18:54 | Edad | Edad de los Castillos |
| 18:55 | Crear | Skirmisher |
| 18:57 | Crear | Villager (Male) |
| 19:02 | Investigar | Bow Saw |
| 19:02 | Investigar | Bow Saw |
| 19:23 | Crear | Villager (Male) |
| 19:36 | Investigar | Elite Skirmisher (upgrade) |
| 19:51 | Crear | Villager (Male) |
| 19:56 | Construir | Farm |
| 20:07 | Investigar | Bodkin Arrow |
| 20:08 | Crear | Cavalry Archer |
| 20:22 | Construir | Lumber Camp |
| 20:23 | Crear | Villager (Male) |
| 20:25 | Crear | Skirmisher |
| 20:37 | Construir | Farm |
| 20:39 | Construir | Farm |
| 20:40 | Construir | Farm |
| 20:42 | Crear | Villager (Male) |
| 20:47 | Crear | Skirmisher |
| 20:59 | Crear | Cavalry Archer |
| 21:12 | Crear | Skirmisher |
| 21:17 | Crear | Villager (Male) |
| 21:21 | Construir | Farm |
| 21:22 | Construir | Farm |
| 21:23 | Construir | House |
| 21:24 | Construir | House |
| 21:25 | Crear | Skirmisher |
| 21:35 | Crear | Cavalry Archer |
| 22:02 | Crear | Skirmisher |
| 22:02 | Crear | Skirmisher |
| 22:04 | Crear | Villager (Male) |
| 22:08 | Construir | Siege Workshop |
| 22:20 | Crear | Villager (Male) |
| 22:26 | Construir | Lumber Camp |
| 22:32 | Crear | Villager (Male) |
| 22:35 | Crear | Iron Pagoda |
| 22:39 | Construir | Farm |
| 22:44 | Crear | Skirmisher |
| 22:54 | Construir | Farm |
| 23:03 | Crear | Skirmisher |
| 23:15 | Crear | Villager (Male) |
Build order — MegaFish
Primeras 150 de 610 acciones detectadas
| 0:00 | Crear | Villager (Male) |
| 0:00 | Crear | Villager (Male) |
| 0:00 | Crear | Villager (Male) |
| 0:00 | Crear | Villager (Male) |
| 0:01 | Construir | House |
| 0:02 | Construir | House |
| 1:25 | Crear | Villager (Male) |
| 1:41 | Crear | Villager (Male) |
| 1:47 | Construir | Lumber Camp |
| 1:58 | Construir | Lumber Camp |
| 2:02 | Crear | Villager (Male) |
| 2:03 | Crear | Villager (Male) |
| 2:30 | Crear | Villager (Male) |
| 3:02 | Crear | Villager (Male) |
| 3:02 | Crear | Villager (Male) |
| 3:26 | Crear | Villager (Male) |
| 3:48 | Construir | House |
| 3:53 | Crear | Villager (Male) |
| 4:08 | Construir | House |
| 4:37 | Crear | Villager (Male) |
| 4:46 | Crear | Villager (Male) |
| 4:55 | Construir | Barracks |
| 5:25 | Crear | Villager (Male) |
| 5:36 | Construir | Palisade Wall |
| 5:45 | Crear | Villager (Male) |
| 5:55 | Crear | Militia |
| 5:55 | Crear | Militia |
| 6:14 | Construir | Palisade Wall |
| 6:18 | Crear | Villager (Male) |
| 6:36 | Crear | Villager (Male) |
| 6:44 | Crear | Villager (Male) |
| 6:53 | Crear | Villager (Male) |
| 6:58 | Construir | Palisade Wall |
| 7:02 | Construir | Mill |
| 7:11 | Crear | Villager (Male) |
| 7:23 | Crear | Villager (Male) |
| 7:51 | Crear | Villager (Male) |
| 8:04 | Investigar | Loom |
| 8:04 | Investigar | Loom |
| 8:04 | Investigar | Loom |
| 8:16 | Construir | House |
| 8:17 | Construir | Palisade Wall |
| 8:36 | Investigar | Feudal Age |
| 8:53 | Construir | Farm |
| 8:59 | Construir | House |
| 9:00 | Construir | Palisade Wall |
| 9:03 | Crear | Villager (Male) |
| 9:12 | Construir | Palisade Wall |
| 9:13 | Construir | Palisade Wall |
| 9:44 | Crear | Villager (Male) |
| 10:01 | Crear | Villager (Male) |
| 10:04 | Construir | House |
| 10:07 | Construir | Palisade Wall |
| 10:15 | Construir | Mill |
| 10:20 | Construir | Mill |
| 10:23 | Construir | Mill |
| 10:27 | Construir | Palisade Wall |
| 10:36 | Crear | Villager (Male) |
| 10:39 | Construir | Farm |
| 10:46 | Edad | Edad Feudal |
| 10:47 | Crear | Spearman |
| 10:49 | Construir | Archery Range |
| 11:05 | Construir | Mining Camp |
| 11:22 | Crear | Villager (Male) |
| 11:29 | Construir | Palisade Wall |
| 11:33 | Construir | Palisade Wall |
| 11:35 | Investigar | Double-Bit Axe |
| 11:36 | Investigar | Double-Bit Axe |
| 11:38 | Crear | Villager (Male) |
| 11:39 | Construir | Palisade Gate |
| 11:53 | Construir | Market |
| 11:55 | Crear | Villager (Male) |
| 12:04 | Crear | Villager (Male) |
| 12:14 | Construir | House |
| 12:19 | Construir | Farm |
| 12:32 | Crear | Villager (Male) |
| 12:35 | Construir | Palisade Wall |
| 12:39 | Construir | House |
| 12:42 | Crear | Villager (Male) |
| 12:45 | Construir | Farm |
| 13:00 | Crear | Villager (Male) |
| 13:00 | Crear | Archer |
| 13:00 | Crear | Archer |
| 13:00 | Crear | Archer |
| 13:00 | Crear | Archer |
| 13:01 | Crear | Archer |
| 13:07 | Construir | Farm |
| 13:26 | Construir | Farm |
| 13:31 | Crear | Archer |
| 13:33 | Crear | Villager (Male) |
| 13:48 | Construir | Farm |
| 13:58 | Crear | Villager (Male) |
| 14:09 | Construir | Farm |
| 14:12 | Crear | Archer |
| 14:17 | Construir | House |
| 14:30 | Crear | Villager (Male) |
| 14:36 | Construir | Farm |
| 14:36 | Crear | Archer |
| 14:36 | Crear | Archer |
| 14:37 | Crear | Archer |
| 14:48 | Crear | Villager (Male) |
| 14:53 | Construir | House |
| 14:55 | Construir | Palisade Wall |
| 15:00 | Construir | House |
| 15:11 | Crear | Villager (Male) |
| 15:23 | Crear | Villager (Male) |
| 15:28 | Construir | Lumber Camp |
| 15:29 | Crear | Archer |
| 15:30 | Crear | Archer |
| 15:48 | Crear | Villager (Male) |
| 15:59 | Crear | Villager (Male) |
| 16:07 | Crear | Archer |
| 16:32 | Crear | Villager (Male) |
| 16:41 | Investigar | Castle Age |
| 16:43 | Construir | Archery Range |
| 16:47 | Crear | Villager (Male) |
| 16:52 | Crear | Villager (Male) |
| 17:07 | Construir | Blacksmith |
| 17:12 | Crear | Archer |
| 17:21 | Investigar | Horse Collar |
| 17:21 | Investigar | Horse Collar |
| 17:29 | Crear | Archer |
| 17:29 | Crear | Archer |
| 17:29 | Crear | Archer |
| 17:36 | Crear | Archer |
| 17:36 | Crear | Archer |
| 17:54 | Crear | Archer |
| 17:54 | Crear | Archer |
| 17:59 | Investigar | Fletching |
| 18:00 | Investigar | Fletching |
| 18:00 | Crear | Archer |
| 18:00 | Crear | Archer |
| 18:27 | Crear | Archer |
| 18:30 | Investigar | Padded Archer Armor |
| 18:34 | Crear | Villager (Male) |
| 18:36 | Crear | Villager (Male) |
| 19:07 | Crear | Archer |
| 19:21 | Edad | Edad de los Castillos |
| 19:24 | Investigar | Crossbowman (upgrade) |
| 19:29 | Investigar | Bodkin Arrow |
| 19:32 | Construir | University |
| 19:37 | Crear | Villager (Male) |
| 19:45 | Construir | Farm |
| 19:47 | Crear | Villager (Male) |
| 19:53 | Crear | Archer |
| 19:53 | Crear | Archer |
| 20:02 | Crear | Villager (Male) |
| 20:09 | Construir | Siege Workshop |
| 20:10 | Construir | Palisade Wall |
| 20:20 | Crear | Villager (Male) |
Cronología de la partida
| 4:55 | MegaFish · first_building Barracks |
| 5:36 | MegaFish · wall_segment Palisade Wall x3 |
| 6:14 | MegaFish · wall_segment Palisade Wall x12 |
| 6:58 | MegaFish · wall_segment Palisade Wall x2 |
| 7:43 | _DaViCy_ · first_building Barracks |
| 7:57 | _DaViCy_ · wall_segment Palisade Wall x1 |
| 8:03 | _DaViCy_ · wall_segment Palisade Wall x1 |
| 8:05 | _DaViCy_ · wall_segment Palisade Wall x1 |
| 8:08 | _DaViCy_ · wall_segment Palisade Wall x1 |
| 8:10 | _DaViCy_ · wall_segment Palisade Wall x1 |
| 8:17 | MegaFish · wall_segment Palisade Wall x3 |
| 8:27 | _DaViCy_ · age_up feudal |
| 8:48 | _DaViCy_ · first_building Stable |
| 9:00 | MegaFish · wall_segment Palisade Wall x1 |
| 9:12 | MegaFish · wall_segment Palisade Wall x4 |
| 9:13 | MegaFish · wall_segment Palisade Wall x14 |
| 10:07 | MegaFish · wall_segment Palisade Wall x6 |
| 10:27 | MegaFish · wall_segment Palisade Wall x1 |
| 10:46 | MegaFish · age_up feudal |
| 10:49 | MegaFish · first_building Archery Range |
| 11:29 | MegaFish · wall_segment Palisade Wall x1 |
| 11:33 | MegaFish · wall_segment Palisade Wall x1 |
| 11:56 | _DaViCy_ · first_building Archery Range |
| 12:35 | MegaFish · wall_segment Palisade Wall x5 |
| 12:37 | _DaViCy_ · wall_segment Palisade Wall x5 |
| 12:40 | _DaViCy_ · wall_segment Palisade Wall x5 |
| 12:47 | MegaFish · first_market_sell 500 stone |
| 12:56 | MegaFish · first_market_buy 100 food |
| 12:59 | _DaViCy_ · wall_segment Palisade Wall x6 |
| 14:02 | _DaViCy_ · wall_segment Palisade Wall x2 |
| 14:02 | _DaViCy_ · wall_segment Palisade Wall x1 |
| 14:05 | _DaViCy_ · wall_segment Palisade Wall x1 |
| 14:55 | MegaFish · wall_segment Palisade Wall x2 |
| 18:54 | _DaViCy_ · age_up castle |
| 19:21 | MegaFish · age_up castle |
| 20:09 | MegaFish · first_building Siege Workshop |
| 20:10 | MegaFish · wall_segment Palisade Wall x1 |
| 22:08 | _DaViCy_ · first_building Siege Workshop |
| 32:09 | MegaFish · first_building Stable |
| 35:51 | _DaViCy_ · first_building Monastery |
| 39:17 | MegaFish · age_up imperial |
| 40:15 | _DaViCy_ · first_building Castle |
| 40:38 | _DaViCy_ · age_up imperial |
| 45:14 | MegaFish · first_building Castle |
| 48:29 | MegaFish · resign |
[ ANÁLISIS IA · 1 CRÉDITO ]
¿Qué pasó realmente en esta partida?
Wolo.gg analiza cada decisión: build order, eco, micro, errores típicos por bracket. Análisis personalizado por WhatsApp o Discord en 30 segundos.
Guía civ
Yurchen
Perfil
Jugador #425762